 Dungeon Crawl Stone Soup version 0.32-a0-814-g0968bab981 (webtiles) character file.

Game seed: 8939272442024849578

302 Fodor the Chopper (level 6, -10/53 HPs)
             Began as a Minotaur Fighter on Mar 23, 2024.
             Mangled by Grinder (11 damage)
             ... on level 3 of the Dungeon.
             The game lasted 00:09:16 (2303 turns).

Fodor the Chopper (Minotaur Fighter)                Turns: 2303, Time: 00:09:18

Health: -10/53     AC:  8    Str: 22    XL:     6   Next: 14%
Magic:  5/5        EV:  9    Int:  5    God:
Gold:   153        SH:  0    Dex: 10    Spells: 5/5 levels left

rFire   . . .        m - +4 quarterstaff (chaos)
rCold   . . .        (shield currently unavailable)
rNeg    . . .        b - +0 scale mail
rPois   .            (helmet restricted)
rElec   .            s - +0 cloak
rCorr   .            (no gloves)
SInv    .            (no boots)
Will    .....        (no amulet) Stlth
                     (no ring)
HPRegen 0.28/turn    (no ring)
MPRegen 0.09/turn

%: no passive effects
@: no status effects
A: horns 2, retaliatory headbutt
a: no special abilities


You were on level 3 of the Dungeon.
You visited 1 branch of the dungeon, and saw 3 of its levels.

You collected 153 gold pieces.

Inventory:

Hand Weapons
 a - a +0 war axe
 m - a +4 quarterstaff of chaos (weapon)
Armour
 b - a +0 scale mail (worn)
 c - a +0 buckler
 s - a +0 cloak (worn)
Scrolls
 e - 3 scrolls of teleportation {unknown}
 f - 2 scrolls of noise {unknown}
 g - a scroll of poison {unknown}
 i - a scroll of enchant weapon {unknown}
 l - a scroll of vulnerability {unknown}
 o - a scroll of identify {unknown}
 p - a scroll of amnesia {unknown}
 q - a scroll of fog {unknown}
Potions
 d - 3 potions of might
 h - a potion of resistance {unknown}
 j - a potion of invisibility {unknown}
 k - a potion of mutation {unknown}
 n - a potion of magic {unknown}
 r - a potion of degeneration {unknown}
 t - a potion of enlightenment {unknown}


   Skills:
 + Level 4.6 Fighting
 + Level 5.5 Axes
 + Level 4.6 Armour
 + Level 1.3 Dodging
 + Level 4.8 Shields


You had 5 spell levels left.
You didn't know any spells.
Your spell library contained the following spells:

 Spells                   Type           Power      Damage    Failure   Level
 Magic Dart               Conj           0%         1d3       80%         1
 Blink                    Tloc           0%         N/A       90%         2
 Call Imp                 Summ           0%         N/A       90%         2
 Inner Flame              Hex/Fire       0%         N/A       99%         3
 Irradiate                Conj/Alch      0%         3d11      100%        5
 Ignition                 Fire           0%         3d3       100%        8


Dungeon Overview and Level Annotations

Branches:
Dungeon (3/15)

Altars:

Annotations:
D:3 Grinder


Innate Abilities, Weirdness & Mutations

You have a pair of horns on your head.
You reflexively headbutt those who attack you in melee.


Message History

The hobgoblin hits you. Ijyb barely misses you. Ijyb hits you with a +0 dagger.
You bump into the translucent rock wall.
Ijyb hits you but does no damage. The hobgoblin closely misses you.
You bump into the rock wall.
Ijyb hits you with a +0 dagger.
The hobgoblin hits you but does no damage.
You're too confused to move!
Ijyb hits you with a +0 dagger. The hobgoblin hits you.
You feel less confused.
The hobgoblin hits you but does no damage.
You see here a frilled lizard corpse.
Unknown command.
You barely miss Ijyb. You headbutt Ijyb.
Ijyb is almost dead.
Ijyb hits you with a +0 dagger. The hobgoblin hits you.
You sock Ijyb! You freeze Ijyb.
You kill Ijyb!
The hobgoblin barely misses you. Grinder hits you.
You writhe in agony.
The hobgoblin hits you but does no damage.
Things that are here:
a +0 dagger; a +0 ring mail; a wand of charming (9)
The hobgoblin hits you but does no damage.
Grinder blinks!
You thump Grinder!
Grinder is moderately wounded.
Grinder hits you.
You writhe in agony.
* * * LOW HITPOINT WARNING * * *
The hobgoblin hits you but does no damage. x2
Grinder hits you but does no damage.
The hobgoblin hits you but does no damage.
Things that are here:
a +0 dagger; a +0 ring mail; a wand of charming (9)
You thump Grinder!
Grinder flies into a frenzy!
Grinder is severely wounded.
Grinder hits you!
* * * LOW HITPOINT WARNING * * *
The hobgoblin hits you.
* * * LOW HITPOINT WARNING * * *
Grinder hits you!
You die...

#...............
#.##########....
#.##............
###....######.####
#.........# #.#
#.#######.###.#
##.#.# #.....#
##..#.###########
#.5@†.......
#.#g#.#.#.##
#.$.......#
#.#.#.#.#.#
#.........#
#.#.#.#.#.#
..........#
#..#.#.#.#..


You could see a hobgoblin and the neutral Grinder (fast, strong, frenzied).

Vanquished Creatures
  Crazy Yiuf (D:2)
  2 bombardier beetles (D:3)
  Ijyb (D:3)
  Natasha (thrice) (D:2)
  Robin (D:2)
  An adder (D:2)
  A ribbon worm (D:2)
  7 ball pythons
  9 bats
  7 endoplasms
  3 giant cockroaches (D:1)
  18 goblins
  9 hobgoblins
  3 jackals (D:1)
  10 kobolds
  2 quokkas (D:2)
  4 frilled lizards
  3 rats
85 creatures vanquished.

Notes
Turn   | Place    | Note
-------+----------+-------------------------------------------
     0 | D:1      | Fodor the Minotaur Fighter began the quest for the Orb.
     0 | D:1      | Reached XP level 1. HP: 19/19 MP: 0/0
    92 | D:1      | Reached XP level 2. HP: 20/27 MP: 1/1
   351 | D:1      | Reached XP level 3. HP: 33/33 MP: 2/2
   398 | D:1      | You fall into a shaft and drop 1 floor!
   404 | D:2      | Reached skill level 3 in Axes
   614 | D:2      | Noticed Natasha
   622 | D:2      | Killed Natasha
   623 | D:2      | Reached XP level 4. HP: 30/40 MP: 3/3
   634 | D:2      | Reached skill level 4 in Axes
  1389 | D:2      | Noticed Robin
  1417 | D:2      | Killed Robin
  1580 | D:2      | Found a runed translucent door.
  1581 | D:2      | Noticed Crazy Yiuf
  1633 | D:2      | Noticed Natasha
  1640 | D:2      | Killed Natasha
  1641 | D:2      | Reached skill level 1 in Dodging
  1641 | D:2      | Reached XP level 5. HP: 31/47 MP: 4/4
  1642 | D:2      | Noticed Natasha
  1649 | D:2      | Killed Natasha
  1930 | D:2      | Killed Crazy Yiuf
  1931 | D:2      | Reached skill level 5 in Axes
  2020 | D:3      | Found a faded altar of an unknown god.
  2143 | D:3      | Reached XP level 6. HP: 28/53 MP: 5/5
  2270 | D:3      | Noticed Ijyb
  2272 | D:3      | Noticed Grinder
  2298 | D:3      | Killed Ijyb
  2303 | D:3      | HP: 1/53 [hobgoblin (2)]
  2303 | D:3      | Mangled by Grinder

Illustrated notes

Levels and vault maps discovered:
D:1:      minmay_arrival_arboretum_small, layout_loops_corners, serial_forest,
          infiniplex_forest_clump_curved, infiniplex_forest_lined_corner,
          infiniplex_forest_clump_small, infiniplex_forest_lined_room_3,
          infiniplex_forest_clump_large, infiniplex_forest_3_way,
          infiniplex_forest_zigzag_1, infiniplex_forest_side_room,
          infiniplex_forest_lined_3, infiniplex_forest_zigzag_1
D:2:      layout_basic, minmay_statues_item, chequers_garden,
          minmay_misc_feat_encased, hex_tiny, uniq_natasha, uniq_robin,
          uniq_crazy_yiuf_cottage
D:3:      layout_basic, nicolae_ecumenical_oubliette, serial_glass,
          glass_columns_b, glass_columns_c, uniq_grinder, uniq_ijyb

Skill      XL: |  1  2  3  4  5 |
---------------+----------------+-----
Shields        | 4 |  4.8
Armour         | 4 |  4.6
Fighting       | 4 |  4.6
Axes           | 3 4 5 |  5.5
Dodging        | 1 |  1.3

Action                     |  1- 3 |  4- 6 || total
---------------------------+-------+-------++-------
  Melee: War axe           |    75 |    76 ||   151
         Headbutt          |    10 |    26 ||    36
         Quarterstaff      |       |    24 ||    24
    Use: Potion            |       |     3 ||     3
 Armour: Scale mail        |    79 |   101 ||   180
  Dodge: Dodged            |    45 |    47 ||    92
  Block: Buckler           |    22 |    28 ||    50

Table legend: (Time is in decaauts)
 A = Elapsed time spent in this place.
 B = Non-inter-level travel time spent in this place.
 C = Inter-level travel time spent in this place.
 D = Time resting spent in this place.
 E = Time spent auto-exploring this place.
 F = Levels seen in this place.
 G = Mean time per level.
                   A        B        C        D        E       F      G
               +--------+--------+--------+--------+--------+-----+--------+
         Total |   2373 |   2261 |    112 |      0 |   1417 |   3 |  791.0 |
       Dungeon |   2373 |   2261 |    112 |      0 |   1417 |   3 |  791.0 |
               +--------+--------+--------+--------+--------+-----+--------+

Top non-repeatable levels by time:
     D:1: 1084 daAuts
     D:2: 1047 daAuts
     D:3: 241 daAuts
